Map: 2000 Atmospheres LE

Players

Massa - Winner!

  • Race: Terran Terran
  • League: Platinum

Kurullo

  • Race: Protoss Protoss
  • League: Platinum

VOD

Have the link to the VOD?

Description

Time

  • Played on: April 14, 2021, 11:46 a.m.
  • Length: 9:24
Show
View Real Time Build Order
Export as new Build Order

Massa Terran - Winner!

Build Orders:  

Get SALT Encoding   

  12  0:00  SCV  
  13  0:12  SCV  
  14  0:17  Supply Depot  
  14  0:24  SCV  
  15  0:38  SCV  
  15  0:40  Barracks  
  16  0:45  Refinery  
  16  0:50  SCV  
  17  1:02  SCV  
  18  1:15  SCV  
  19  1:27  SCV  
  20  1:38  Reaper  
  21  1:40  Orbital Command  
  21  1:54  Command Center  
  21  2:05  Supply Depot  
  21  2:09  SCV  
  21  2:11  Factory  
  22  2:20  Barracks Tech Lab  
  22  2:23  SCV  
  22  2:28  Refinery  
  23  2:35  SCV  
  24  2:47  SCV  
  24  2:51  Stimpack  
  25  3:12  SCV  
  26  3:14  Orbital Command  
  26  3:17  Widow Mine  
  28  3:24  SCV  
  28  3:25  Marauder  
  31  3:27  Barracks  
  31  3:31  Starport  
  31  3:33  Barracks  
  31  3:36  SCV  
  31  3:38  Supply Depot  
  31  3:39  Widow Mine  
  31  3:40  SCV  
  35  3:51  Marauder  
  37  3:59  SCV x2  
  39  4:03  Supply Depot  
  39  4:08  Factory Tech Lab  
  39  4:10  Medivac  
  39  4:12  Marine  
  42  4:17  Marine  
  42  4:20  Marine  
  44  4:30  SCV, Marine  
  44  4:31  SCV  
  47  4:34  Combat Shield  
  47  4:35  Marine  
  47  4:38  Marine  
  48  4:42  SCV  
  48  4:43  SCV  
  50  4:49  Marauder  
  52  4:53  Marine  
  52  4:55  SCV  
  52  4:58  Barracks Reactor  
  52  4:59  Starport Reactor  
  54  5:05  Command Center  
  54  5:09  Supply Depot  
  54  5:10  Marauder  
  54  5:11  SCV x2, Marine, Engineering Bay, Supply Depot  
  59  5:16  Refinery  
  59  5:31  Marauder  
  59  5:48  Medivac x2  
  63  5:50  Siege Tank  
  63  5:51  Marine x3  
  63  5:53  Marauder  
  63  5:54  SCV x2  
  73  5:59  Refinery  
  73  6:06  SCV x2  
  73  6:09  Marine x3  
  73  6:10  Supply Depot  
  73  6:11  Supply Depot x2  
  78  6:13  Supply Depot  
  78  6:14  Barracks  
  78  6:17  Marauder  
  78  6:18  SCV x2, Barracks  
  80  6:25  SCV  
  83  6:30  SCV x2, Missile Turret  
  85  6:33  Concussive Shells, Missile Turret  
  85  6:35  Medivac  
  85  6:37  SCV  
  85  6:38  Siege Tank  
  91  6:40  Marine  
  92  7:10  Barracks Reactor, Barracks Tech Lab, Marauder  
  92  7:11  Marine x2, Siege Tank  
  92  7:14  Barracks Reactor  
  99  7:19  SCV x2  
  101  7:23  Terran Infantry Weapons Level 1  
  101  7:28  Armory  
  101  7:29  Marine x2, Medivac  
  105  7:31  SCV, Marauder  
  105  7:32  SCV  
  109  7:39  Refinery  
  109  7:40  Planetary Fortress  
  109  7:43  SCV  
  109  7:44  Refinery  
  110  7:52  Marauder  
  110  7:56  SCV x2  
  114  8:05  Missile Turret  
  114  8:08  SCV x2  
  116  8:14  Marauder  
  118  8:20  SCV  
  109  8:51  Marauder x2, Marine x3  
  109  8:52  Marine  
Show
View Real Time Build Order
Export as new Build Order

Kurullo Protoss 

Build Orders:  

Get SALT Encoding   

  12  0:01  Probe  
  13  0:15  Pylon  
  13  0:17  Probe  
  14  0:33  Gateway  
  14  0:36  Probe (Chrono Boost)  
  15  0:46  Assimilator  
  15  0:48  Probe (Chrono Boost)  
  16  0:53  Probe (Chrono Boost)  
  17  1:03  Probe (Chrono Boost)  
  18  1:13  Pylon  
  18  1:15  Probe (Chrono Boost)  
  19  1:20  Assimilator  
  19  1:23  Probe (Chrono Boost)  
  19  1:25  Cybernetics Core  
  20  1:29  Probe  
  21  1:54  Nexus  
  21  1:56  Probe  
  21  1:58  Warp Gate (Chrono Boost)  
  22  2:10  Gateway  
  22  2:12  Probe  
  23  2:29  Gateway  
  23  2:33  Pylon  
  23  2:42  Stalker  
  23  2:51  Probe  
  23  3:00  Stalker  
  24  3:06  Probe  
  23  3:15  Probe (Chrono Boost)  
  23  3:18  Probe (Chrono Boost)  
  26  3:27  Probe (Chrono Boost)  
  26  3:28  Probe (Chrono Boost)  
  26  3:29  Robotics Facility  
  26  3:31  Probe (Chrono Boost), Pylon  
  27  3:36  Probe  
  27  3:40  Sentry x2  
  32  3:44  Probe  
  33  3:48  Probe  
  33  3:51  Adept  
  36  3:56  Probe  
  36  4:00  Probe  
  38  4:08  Probe  
  38  4:09  Pylon  
  39  4:13  Probe  
  39  4:16  Observer  
  41  4:22  Gateway  
  41  4:31  Probe x2  
  43  4:42  Stalker  
  43  4:43  Probe (Chrono Boost), Stalker  
  43  4:44  Probe (Chrono Boost)  
  47  4:50  Twilight Council  
  47  4:56  Probe x2 (Chrono Boost)  
  47  4:57  Sentry  
  51  5:03  Probe x2 (Chrono Boost)  
  53  5:10  Probe x2  
  53  5:13  Zealot x2  
  59  5:22  Probe  
  59  5:23  Probe  
  59  5:24  Immortal  
  65  5:34  Probe  
  65  5:35  Probe  
  64  5:46  Probe  
  64  5:47  Probe  
  66  5:57  Charge, Assimilator  
  66  5:58  Probe  
  66  5:59  Probe  
  66  6:01  Assimilator  
  68  6:11  Nexus  
  68  6:24  Templar Archives  
  68  6:27  Pylon  
  68  6:29  Gateway  
  68  6:30  Gateway  
  68  6:33  Probe x2  
  68  6:34  Gateway  
  70  6:45  Probe, Pylon x2  
  71  6:47  Pylon  
  71  6:51  Forge  
  70  7:05  High Templar x2  
  74  7:16  Forge  
  74  7:20  Pylon x2  
  74  7:21  Probe x2, Pylon  
  76  7:23  Probe, Pylon  
  77  7:31  Zealot  
  77  7:32  Zealot x2  
  77  7:36  Probe x2  
  85  7:37  Probe  
  85  7:43  Robotics Bay  
  86  7:52  Zealot x2  
  86  7:53  Probe x2  
  86  7:54  Probe  
  93  8:05  Probe, Stalker x3  
  100  8:21  High Templar x2  
  100  8:26  Stalker x2  
  102  8:31  Archon  
  92  8:36  Stalker x2  
  96  8:42  Zealot  
  94  8:54  Probe x2  
  89  9:09  Archon  
Tags
 
Add a new tag
Caveats
  • Supply blocks, unpowered buildings, or Contaminate may cause inaccurate times.
  • Supply counts are checked every 10 seconds.